 Dungeon Crawl Stone Soup version 0.17-a0-1582-ge6b0260 (webtiles) character file.

147 urechis the Magician (level 5, -1/28 HPs)
             Began as a Gargoyle Wizard on July 27, 2015.
             Killed from afar by an orc wizard (7 damage)
             ... with a magic dart
             ... on level 3 of the Dungeon.
             The game lasted 00:04:17 (2702 turns).

urechis the Magician (Gargoyle Wizard)              Turns: 2702, Time: 00:04:18

Health: -1/28      AC:  6    Str: 11    XL:     5   Next: 29%
Magic:  7/11       EV: 11    Int: 19    God:
Gold:   96         SH:  0    Dex:  8    Spells: 1 memorised, 11 levels left

rFire  . . .     SeeInvis .     n - +0 short sword
rCold  . . .     Clarity  .     a - +0 robe
rNeg   + . .     SustAt   +     (no shield)
rPois  ∞         Gourm    .     b - +0 hat
rElec  +         Spirit   .     (no cloak)
rCorr  .         Warding  .     (no gloves)
rMut   .         Stasis   .     (no boots)
MR     .....                    (no amulet)
Stlth  ++........               (no ring)
                                h - ring of sustain attributes

@: not resistant to hostile enchantments, unstealthy
A: negative energy resistance 1, electricity resistance, unbreathing,
petrification resistance, rot immunity, AC +4
a: no special abilities


You were on level 3 of the Dungeon.
You were not hungry.

You visited 1 branch of the dungeon, and saw 3 of its levels.

You collected 96 gold pieces.

Inventory:

Hand weapons
 n - a +0 short sword (weapon)
Armour
 a - a +0 robe (worn)
 b - a +0 hat (worn)
 q - a +0 buckler
Jewellery
 h - a ring of sustain attributes (left hand)
Scrolls
 e - 3 scrolls of identify {unknown}
 f - a scroll of fog {unknown}
 g - a scroll of teleportation {unknown}
 m - a scroll of magic mapping {unknown}
 o - 2 scrolls of enchant armour {unknown}
 p - a scroll of enchant weapon {unknown}
 r - a scroll of remove curse {unknown}
 s - a scroll of fear {unknown}
Potions
 i - a potion of agility {unknown}
 j - 2 potions of heal wounds {unknown}
 k - a potion of ambrosia {unknown}
 v - 3 potions of curing {unknown}
Books
 c - a book of Minor Magic

   Spells                             Type                      Level
   a - Magic Dart                     Conjuration                  1
   b - Blink                          Translocation                2
   c - Call Imp                       Summoning                    2
   d - Repel Missiles                 Charms/Air                   2
   e - Slow                           Hexes                        2
   f - Conjure Flame                  Conjuration/Fire             3
   g - Mephitic Cloud                 Conjuration/Poison/Air       3
Comestibles
 d - 2 bread rations
 l - a slice of pizza
 u - 2 meat rations
 w - a beef jerky


   Skills:
 - Level 1.5 Dodging
 - Level 2.1 Stealth
 + Level 4.4 Spellcasting
 + Level 3.7 Conjurations
   Level 0.8 Summonings
   Level 0.8 Translocations


You had 11 spell levels left.
You knew the following spells:

 Your Spells              Type           Power        Failure   Level  Hunger
a - Magic Dart            Conj           ###.         3%          1    None


Dungeon Overview and Level Annotations

Branches:
Dungeon (3/15)

Altars:


Innate Abilities, Weirdness & Mutations

You are resistant to torment.
Your stone body is resilient (AC +4).
You are immune to poison.
You resist negative energy.
You are resistant to electric shocks.
You can survive without breathing.
You are immune to petrification.
You are immune to rotting.


Message History

Aiming: Magic Dart
Press: ? - help, Shift-Dir - straight line, f - orc
Aim: an orc, wielding a war axe (unusually strong)
The magic dart hits the orc.
The orc is heavily wounded.
Casting: Magic Dart
Confirm with . or Enter, or press ? or * to list all spells.
Aiming: Magic Dart
Press: ? - help, Shift-Dir - straight line, f/p - orc
Aim: an orc, wielding a war axe (heavily wounded, unusually strong)
The magic dart hits the orc.
The orc is almost dead.
A puff of flame appears from out of thin air!
The puff of flame hits the orc.
The orc dies!
A puff of flame appears from out of thin air!
The puff of flame misses you.
A magic dart appears from out of thin air!
The magic dart hits you!
You die...

######## #......# #######
#......# ##.....##
#......# #.......#
#......# #.......#
#......#####
#.......####...@.......
##.....){..##......####.
..#...).##o))......# ###
#o###########......##..##
.o# #......#....###. ).#
#####.##..!oo... ..##
#)##w...### ...###
#.)..o...... .#...#####
###.#..#.###


You could see an orc.

Vanquished Creatures
  Terence (D:2)
  4 adders
  2 oozes
  A worm (D:3)
  A giant gecko (D:1)
  8 orcs (D:3)
  A ball python (D:2)
  5 bats
  2 giant cockroaches
  8 hobgoblins
  9 jackals (D:1)
  7 kobolds
  A giant newt (D:1)
  6 goblins
  2 quokkas
  6 rats
64 creatures vanquished.

Vanquished Creatures (others)
  2 orcs (D:3)
2 creatures vanquished.

Grand Total: 66 creatures vanquished

Notes
Turn   | Place    | Note
--------------------------------------------------------------
     0 | D:1      | urechis the Gargoyle Wizard began the quest for the Orb.
     0 | D:1      | Reached XP level 1. HP: 10/10 MP: 4/4
    60 | D:1      | Reached XP level 2. HP: 13/15 MP: 0/6
   328 | D:1      | Reached XP level 3. HP: 19/19 MP: 4/7
  1453 | D:2      | Reached XP level 4. HP: 15/24 MP: 9/9
  1482 | D:2      | Noticed Terence
  1512 | D:2      | Killed Terence
  1512 | D:2      | Reached skill level 4 in Spellcasting
  2238 | D:3      | Reached XP level 5. HP: 14/28 MP: 11/11
  2510 | D:3      | HP: 1/28 [orc/flail (6)]
  2702 | D:3      | Killed from afar by an orc wizard

Vault maps used:
D:1:      ncdulo_lavacross, grunt_decor_arrowhead, minivault_27
D:2:      minmay_door_square, uniq_terence

Action                   |  1- 3 |  4- 6 || total
-------------------------+-------+-------++-------
Melee: Unarmed           |    13 |       ||    13
       Short sword       |   116 |    95 ||   211
 Fire: Hunting sling     |    39 |       ||    39
 Cast: Magic Dart        |    16 |    49 ||    65
 Stab: Sleeping          |     2 |       ||     2
  Eat: Chunk             |     2 |     4 ||     6
